 Dungeon Sprint DCSS version 0.18-a0-1426-g3b9a63c (webtiles) character file.

50 chei the Tainter (level 3, -9/30 HPs)
             Began as a Naga Venom Mage on Feb 27, 2016.
             Mangled by an ice beast (12 damage)
             ... while paralysed
             ... in the Dungeon (Sprint IX: "|||||||||||||||||||||||||||||").
             The game lasted 00:01:34 (132 turns).

chei the Tainter (Naga Venom Mage)                   Turns: 132, Time: 00:01:35

Health: -9/30      AC:  2    Str: 10    XL:     3   Next: 79%
Magic:  2/7        EV:  1    Int: 16    God:
Gold:   0          SH:  0    Dex: 11    Spells: 1 memorised, 6 levels left

rFire  . . .     SeeInvis +     j - +0 dagger
rCold  . . .     Gourm    .     a - +0 robe
rNeg   . . .     Faith    .     (no shield)
rPois  +         Spirit   .     (no helmet)
rElec  .         Dismiss  .     (no cloak)
rCorr  .         Reflect  .     (no gloves)
SustAt .         Harm     .     (no barding)
MR     .....     NoTele   +     (no amulet)
Stlth  ++........               (no ring)
                                (no ring)

@: paralysed, exhausted, very slightly contaminated, slowed, very slow, not
resistant to hostile enchantments, unstealthy
A: see invisible, deformed body, poison resistance, slowness 2, slow metabolism
1, spit poison 2, AC +1
a: Spit Poison


You were in the Dungeon.
You were not hungry.

You visited 1 branch

Inventory:

Hand Weapons
 j - a +0 dagger (weapon)
Armour
 a - a +0 robe (worn)
Potions
 g - 2 potions of magic
Books
 b - a Young Poisoner's Handbook

   Spells                             Type                      Level
   a - Sting                          Conjuration/Poison           1
   b - Cure Poison                    Poison                       2
   c - Mephitic Cloud                 Conjuration/Poison/Air       3
   d - Olgreb's Toxic Radiance        Poison                       4
   e - Venom Bolt                     Conjuration/Poison           5
Comestibles
 c - a bread ration


   Skills:
 + Level 0.6 Fighting
 + Level 2.1 Dodging
 - Level 3.0 Stealth
 + Level 2.7 Spellcasting
 + Level 0.6 Conjurations
 * Level 9.8 Poison Magic


You had 6 spell levels left.
You knew the following spells:

 Your Spells              Type           Power        Failure   Level  Hunger
a - Sting                 Conj/Pois      ###.         2%          1    #......


Dungeon Overview and Level Annotations

Branches:
Dungeon (1/1)

Altars:
Kikubaaqudgha
Makhleb
Okawaru
Sif Muna
Vehumet
Xom
Yredelemnul
Zin
The Shining One


Innate Abilities, Weirdness & Mutations

You cannot wear boots.
Your serpentine skin is tough (AC +1).
You have supernaturally acute eyesight.
Armour fits poorly on your strangely shaped body.
Your system is resistant to poisons.
You cover ground very slowly.
You have a slow metabolism.
You can spit poison.


Message History

You are too injured to fight recklessly!
You are too injured to fight recklessly!
You are too injured to fight recklessly!
You are too injured to fight recklessly!
You hit the hound.
You kill the hound!
Your Dodging skill increases to level 2!
Your Poison Magic skill increases to level 9!
You have reached level 3!
Your experience leads to an increase in your attributes!
Your base attributes are Str 10, Int 15, Dex 11.
Increase (S)trength, (I)ntelligence, or (D)exterity?
You feel clever.
Your skin feels tougher.
You are no longer berserk.
You pass out from exhaustion.
You feel yourself slow down. The ice beast hits you.
* * * LOW HITPOINT WARNING * * *
The ice beast freezes you!
You die... ▓▓▓▓▓▓▓▓▓▓▓▓▓▓▓▓▓▓▓▓▓▓▓▓ _______@Y'....†'....†'.§ ▓▓▓▓▓▓▓▓▓▓▓▓▓▓▓▓▓▓▓▓▓▓▓▓

You could see an ice beast.

Vanquished Creatures
  A hound (D)
  An adder (D)
  An adder zombie (D)
  A giant gecko (D)
  2 bats (D)
  A hobgoblin (D)
  A giant newt (D)
  A kobold (D)
9 creatures vanquished.

Notes
Turn   | Place    | Note
--------------------------------------------------------------
     0 | D        | chei the Naga Venom Mage began the quest for the Orb.
     0 | D        | Reached XP level 1. HP: 15/15 MP: 3/3
     6 | D        | Reached skill level 6 in Poison Magic
    77 | D        | Noticed a hound
    77 | D        | Noticed an ice beast
    78 | D        | Reached skill level 7 in Poison Magic
    78 | D        | Reached XP level 2. HP: 22/22 MP: 5/5
    84 | D        | Reached skill level 8 in Poison Magic
   100 | D        | Found a glowing silver altar of Zin.
   100 | D        | Found a glowing golden altar of the Shining One.
   100 | D        | Found an ancient bone altar of Kikubaaqudgha.
   100 | D        | Found a basalt altar of Yredelemnul.
   100 | D        | Found a shimmering altar of Xom.
   100 | D        | Found a radiant altar of Vehumet.
   101 | D        | Found an iron altar of Okawaru.
   102 | D        | Found a burning altar of Makhleb.
   103 | D        | Found a deep blue altar of Sif Muna.
   130 | D        | Reached skill level 9 in Poison Magic
   130 | D        | Reached XP level 3. HP: 5/30 MP: 2/7
   132 | D        | Mangled by an ice beast

Vault maps used:
D:        linesprint

Skill      XL: |  1  2 |
---------------+-------+-----
Poison Magic   | 7 9 |  9.8
Dodging        | 2 |  2.1
Fighting       | |  0.6
Stealth        | |  3.0
Spellcasting   | |  2.7
Conjurations   | |  0.6

Action                   || total
-------------------------++-------
Melee: Unarmed           ||     7
       Dagger            ||    24
 Cast: Sting             ||    10
 Abil: Spit Poison       ||     5
  Use: Potion            ||     4
       Scroll            ||     1
